 Dungeon Crawl Stone Soup version 0.26-a0-835-g8259106e14 (webtiles) character file.

Game seed: 17799038669180242354

12434 pablito the Brooding (level 11, -9/73 HPs)
             Began as a Demonspawn Ice Elementalist on Nov 17, 2020.
             Was a Priest of Hepliaklqana.
             Mangled by a redback (14 damage)
             ... in a Gauntlet on Nov 18, 2020.
             The game lasted 01:36:59 (13356 turns).

pablito the Brooding (Demonspawn Ice Elementalist) Turns: 13356, Time: 01:37:02

Health: -9/73      AC: 20    Str:  9    XL:     11   Next: 62%
Magic:  11/22      EV: 15    Int: 16    God:    Hepliaklqana [***...]
Gold:   903        SH:  0    Dex: 17    Spells: 7/25 levels left

rFire    + . .     SeeInvis +   w - +8 spear (vamp)
rCold    + . .     Faith    .   (no shield)
rNeg     . . .     Spirit   .   u - +3 leather armour
rPois    +         Reflect  .   (helmet unavailable)
rElec    +         Harm     .   K - +2 cloak {MR+}
rCorr    +         Rampage  .   (no gloves)
MR       +....     NoTele   +   (no boots)
Stlth    ++........             (no amulet)
HPRegen  0.22/turn              P - +4 ring of protection
MPRegen  0.18/turn              F - ring of poison resistance

@: icy armour, resistant, very slightly contaminated, studying 2 skills
A: reduced essence, antennae 3, slimy green scales 1, demonic guardian 2, spiny
2
a: Recall Ancestor, Ancestor Identity, Transference, Renounce Religion


You were in a Gauntlet.
You worshipped Hepliaklqana.
Hepliaklqana was most pleased with you.
You visited 2 branches of the dungeon, and saw 12 of its levels.
You also visited: Sewer, Ossuary and Gauntlet.

You collected 903 gold pieces.

Inventory:

Hand Weapons
 w - a +8 vampiric spear (weapon)
Missiles
 c - 2 throwing nets (quivered)
 p - 14 javelins
Armour
 i - a +1 hat
 s - +0 ice dragon scales
 u - a +3 leather armour (worn)
 H - a +1 leather armour of fire resistance
 K - a +2 cloak of magic resistance (worn)
Magical Staves
 N - an uncursed staff of air
Jewellery
 k - an uncursed ring of ice
 r - an uncursed ring of protection from fire
 F - a ring of poison resistance (right hand)
 P - a +4 ring of protection (left hand)
Wands
 y - a wand of enslavement (6)
 A - a wand of polymorph (10)
 B - a wand of paralysis (17)
 E - a wand of digging (9)
 I - a wand of flame (51)
 O - a wand of iceblast (9)
Scrolls
 d - 3 scrolls of fog
 e - 3 scrolls of immolation
 f - 4 scrolls of remove curse
 g - 8 scrolls of teleportation
 h - 2 scrolls of magic mapping
 q - a scroll of fear
 t - 2 scrolls of identify
 x - 3 scrolls of blinking
 L - a scroll of vulnerability {unknown}
 M - a scroll of enchant armour
 Q - a scroll of enchant weapon
Potions
 j - 4 potions of heal wounds
 l - 4 potions of brilliance
 m - a potion of flight {unknown}
 n - 12 potions of curing
 o - 3 potions of lignification
 v - 2 potions of resistance
 z - a potion of mutation {unknown}
 C - 3 potions of might
 D - 2 potions of haste
 J - 4 potions of attraction
Books
 a - a manual of Earth Magic
 G - a manual of Invocations


   Skills:
 + Level 6.3 Fighting
 - Level 1.0 Maces & Flails
 + Level 8.3 Polearms
 * Level 5.9 Dodging
 - Level 2.1 Stealth
 + Level 7.7 Spellcasting
 + Level 8.4 Ice Magic
 + Level 5.9 Earth Magic
 + Level 10.3 Invocations


You had 7 spell levels left.
You knew the following spells:

 Your Spells              Type           Power        Failure   Level
a - Freeze                Ice            ####         1%          1
b - Ozocubu's Armour      Ice            ####....     1%          3
c - Frozen Ramparts       Ice            ####..       1%          3
d - Ensorcelled Hibernat  Hex/Ice        ###...       4%          2
e - Passwall              Tmut/Erth      ###.....     8%          2
f - Hailstorm             Conj/Ice       ###.....     28%         4
g - Stone Arrow           Conj/Erth      ###...       14%         3

Your spell library contained the following spells:

 Spells                   Type           Power        Failure   Level
 Sandblast                Erth           ####..       1%          1
 Beastly Appendage        Tmut           #.....       16%         1
 Corona                   Hex            #......      16%         1
 Wereblood                Tmut           #.......     24%         2
 Ice Form                 Ice/Tmut       ###.....     28%         4
 Summon Ice Beast         Ice/Summ       ###.....     28%         4
 Lee's Rapid Deconstruct  Erth           ####......   36%         5
 Confusing Touch          Hex            #.......     43%         3
 Dazzling Flash           Conj/Hex       #.....       43%         3
 Spider Form              Tmut/Pois      #.........   43%         3
 Tukima's Dance           Hex            #.......     43%         3
 Petrify                  Tmut/Erth      ###.....     43%         4
 Blade Hands              Tmut           #.........   99%         5


Dungeon Overview and Level Annotations

Branches:
Dungeon (11/15)            Temple (0/1) D:7            Lair (1/6) D:11
    Orc (0/2) D:9           Sewer (visited)         Ossuary (visited)
Gauntlet (1/1)

Altars:
Ashenzari
Cheibriados
Elyvilon
Fedhas
Hepliaklqana
Kikubaaqudgha
Makhleb
Nemelex Xobeh
Okawaru
Ru
Sif Muna
Vehumet
Xom
The Shining One

Shops:
D:10 (*

Annotations:
D:9 2 transporters Gauntlet 9 transporters


Innate Abilities, Weirdness & Mutations

You have a pair of large antennae on your head. (SInv)
You are partially covered in slimy green scales. (AC +2)
A demonic guardian rushes to your aid.
You are mostly covered in sharp spines.
Your life essence is reduced to manifest your ancestor. (-10% HP)


Message History

The redback bites you.
Casting: Hailstorm (dangerous; 28% risk of failure)
Confirm with . or Enter, or press ? or * to list all spells.
Okay, then.
Casting: Hailstorm (dangerous; 28% risk of failure)
Confirm with . or Enter, or press ? or * to list all spells.
Okay, then.
You feel better.
The redback closely misses farmhand69.
The redback bites you but does no damage.
The redback bites farmhand69!
Farmhand69 is destroyed!
The redback is struck by your spines. The redback bites you.
The moth of wrath goads the redback on!
The redback goes berserk!
The redback is struck by your spines. The redback bites you!
The redback is struck by your spines. The redback bites you!!
* * * LOW HITPOINT WARNING * * *
The redback is struck by your spines. The redback bites you!
* * * LOW HITPOINT WARNING * * *
The redback is struck by your spines. The redback bites you!
You die...

.........≈§§.........§§≈.........
........≈8§§..........≈8≈........
.........§§............≈.........
########...###########...########
.....^##...#.........#...#ww..≈..
.....#.#...#........^#...#w≈≈.≈≈.
#^..#."#####.......^"#####..≈≈..≈
.#^#...#...#...ss.^.[#...#....≈≈^
.©#...©#©.©#..ys@.^.©#©.©#.≈≈^.≈.
.#^#...#...#...s.....#...#≈.≈.≈≈^
#...#..#####........!#####≈.^≈..≈
....^#.#...#.........#...#.≈≈..≈≈
......##.8.#...^...^^#.8.#.^©≈≈..
########...###########...########
.................................
.................................
#################################


You could see a moth of wrath and 4 redbacks.

Vanquished Creatures
  A hydra (Lair:1)
  A two-headed ogre (D:10)
  Pikel (D:9)
  Maurice (D:8)
  A komodo dragon (Lair:1)
  An ice devil (Gauntlet)
  A meliai zombie (D:10)
  A hornet (D:10)
  A wyvern (D:11)
  9 yaks
  A basilisk (D:11)
  6 water moccasins
  An orc warrior (D:8)
  Purgy (D:4)
  3 ice beasts
  2 black bears
  2 sky beasts
  An ogre (D:8)
  3 centaurs
  3 big kobolds
  5 bullfrogs
  9 scorpions
  11 killer bees
  5 wights
  A howler monkey (D:6)
  A vampire bat (D:6)
  A crimson imp (D:8)
  3 bullfrog zombies
  3 centaur zombies (Ossuary)
  4 hounds
  3 orc priests
  A jelly (D:8)
  A human zombie (Ossuary)
  7 orc wizards
  2 bullfrog skeletons
  3 iguanas
  Terence (D:3)
  3 worker ants
  A killer bee zombie (D:5)
  A big kobold zombie (Ossuary)
  3 mummies (Ossuary)
  Robin (D:3)
  A howler monkey zombie (D:8)
  8 gnolls
  A howler monkey skeleton (D:9)
  A worker ant zombie (D:9)
  6 adders
  4 scorpion zombies (Ossuary)
  A shadow imp (D:5)
  4 white imps
  2 ufetubi
  2 oozes
  An adder skeleton (D:9)
  3 worms
  3 dart slugs
  9 leopard geckos
  27 orcs
  2 bat skeletons (D:6)
  3 bat zombies (D:6)
  9 giant cockroaches
  11 goblins
  8 hobgoblins
  14 jackals
  7 quokkas
  3 ball pythons
  7 bats
  9 frilled lizards
  A goblin zombie (Ossuary)
  A hobgoblin zombie (Ossuary)
  16 kobolds
  5 kobold zombies
  An orc zombie (Ossuary)
  6 rats
287 creatures vanquished.

Vanquished Creatures (collateral kills)
  A hydra (D:11)
  Erica (D:9)
  A two-headed ogre (D:9)
  A cane toad (Lair:1)
  A troll (D:9)
  Eustachio (D:5)
  6 yaks
  2 basilisks (D:11)
  A water moccasin (Lair:1)
  2 lemures (D:9)
  A centaur (D:5)
  An ogre (D:9)
  2 bullfrogs
  A killer bee (D:8)
  A howler monkey (D:11)
  3 human zombies (Ossuary)
  An orc priest (D:3)
  4 orc wizards
  A worker ant (D:10)
  A mummy (D:4)
  A worker ant zombie (D:11)
  3 gnolls (D:4)
  An adder (D:9)
  2 white imps (Gauntlet)
  7 orcs
  4 kobolds
  An orc zombie (Ossuary)
  A quokka zombie (D:10)
53 creatures vanquished.

Vanquished Creatures (others)
  4 hexers
  10 fungi
  12 plants (D:11)
  3 toadstools (D:3)
29 creatures vanquished.

Grand Total: 369 creatures vanquished

Notes
Turn   | Place    | Note
-------+----------+-------------------------------------------
     0 | D:1      | pablito the Demonspawn Ice Elementalist began the quest for
                  | the Orb.
     0 | D:1      | Reached XP level 1. HP: 13/13 MP: 3/3
   202 | D:1      | Gained mutation: You are partially covered in sharp spines.
                  | [demonic ancestry]
   202 | D:1      | Reached XP level 2. HP: 4/20 MP: 0/5
   672 | D:1      | Reached skill level 1 in Fighting
   861 | D:1      | Gained mutation: A weak demonic guardian rushes to your
                  | aid. [demonic ancestry]
   861 | D:1      | Reached XP level 3. HP: 26/26 MP: 1/6
  1937 | D:3      | Reached skill level 1 in Maces & Flails
  1942 | D:3      | Learned a level 3 spell: Ozocubu's Armour
  1946 | D:3      | Learned a level 3 spell: Frozen Ramparts
  2025 | D:3      | Found a broken altar of Ashenzari.
  2412 | D:3      | Gained mutation: A demonic guardian rushes to your aid.
                  | [demonic ancestry]
  2412 | D:3      | Reached XP level 4. HP: 13/33 MP: 1/8
  2603 | D:3      | Noticed Robin
  2615 | D:3      | Killed Robin
  2760 | D:3      | Noticed Terence
  2767 | D:3      | Killed Terence
  2768 | D:3      | Gained mutation: You have a pair of small antennae on your
                  | head. [demonic ancestry]
  2768 | D:3      | Reached XP level 5. HP: 32/38 MP: 5/9
  3083 | D:3      | Reached skill level 1 in Polearms
  3322 | D:4      | Noticed Purgy
  3387 | D:4      | Killed Purgy
  3388 | D:4      | Reached XP level 6. HP: 22/44 MP: 5/11
  3395 | D:4      | Found a sand-covered staircase.
  3515 | Ossuary  | Entered an ossuary
  3763 | Ossuary  | Reached skill level 5 in Ice Magic
  3966 | Ossuary  | Reached XP level 7. HP: 44/50 MP: 12/12
  5307 | D:4      | Found a glowing golden altar of the Shining One.
  5530 | D:4      | Gained mutation: You are mostly covered in sharp spines.
                  | [demonic ancestry]
  5530 | D:4      | Reached XP level 8. HP: 50/56 MP: 7/14
  5621 | D:4      | Reached skill level 5 in Polearms
  5812 | D:4      | Found a snail-covered altar of Cheibriados.
  5892 | D:5      | Entered Level 5 of the Dungeon
  6274 | D:5      | Found a glowing drain.
  6278 | Sewer    | Entered a sewer
  6349 | Sewer    | Reached skill level 5 in Spellcasting
  6552 | D:5      | Got a buzzing hand axe
  6553 | D:5      | Identified the +1 hand axe of the Shoals {distort, MR-
                  | Str+5 Dex+4} (You found it on level 5 of the Dungeon)
  6624 | D:5      | Noticed Eustachio
  6635 | D:5      | Killed Eustachio
  6963 | D:6      | Found a shimmering altar of Xom.
  7019 | D:6      | Found an iron altar of Okawaru.
  7174 | D:6      | Found a hazy altar of Hepliaklqana.
  7186 | D:6      | Became a worshipper of Hepliaklqana the Forgotten
  7832 | D:6      | Found an ancient bone altar of Kikubaaqudgha.
  7838 | D:6      | Gained mutation: You have a pair of antennae on your head.
                  | [demonic ancestry]
  7838 | D:6      | Reached XP level 9. HP: 54/55 MP: 17/17
  7950 | D:7      | Reached skill level 1 in Invocations
  8119 | D:7      | Found a sacrificial altar of Ru.
  8129 | D:7      | Reached skill level 2 in Invocations
  8553 | D:7      | Found a blossoming altar of Fedhas.
  8570 | D:7      | Found a staircase to the Ecumenical Temple.
  8580 | D:7      | Reached skill level 3 in Invocations
  8941 | D:8      | Found a sparkling altar of Nemelex Xobeh.
  9011 | D:8      | Reached * piety under Hepliaklqana
  9023 | D:8      | Noticed Maurice
  9042 | D:8      | Killed Maurice
  9043 | D:8      | Reached skill level 4 in Invocations
  9142 | D:8      | Reached skill level 5 in Invocations
  9299 | D:8      | Found a radiant altar of Vehumet.
  9299 | D:8      | Found a burning altar of Makhleb.
  9397 | D:8      | Found a white marble altar of Elyvilon.
  9589 | D:9      | Noticed Pikel
  9602 | D:9      | Killed Pikel
  9603 | D:9      | Reached skill level 1 in Earth Magic
  9603 | D:9      | Reached skill level 6 in Invocations
  9603 | D:9      | Gained mutation: You are partially covered in slimy green
                  | scales. (AC +2) [demonic ancestry]
  9603 | D:9      | Reached XP level 10. HP: 30/65 MP: 19/19
  9783 | D:9      | Noticed Erica
  9793 | D:9      | Killed Erica
  9977 | D:9      | Noticed a two-headed ogre
  9984 | D:9      | Killed a two-headed ogre
  9985 | D:9      | Reached skill level 7 in Invocations
  9989 | D:9      | Found a staircase to the Orcish Mines.
 10143 | D:9      | Found a transporter.
 10144 | D:9      | Found a shimmering blue altar of Sif Muna.
 10144 | D:9      | Noticed an ogre mage
 10146 | D:9      | Noticed a cyclops
 10182 | D:9      | Found a transporter.
 10502 | D:10     | Entered Level 10 of the Dungeon
 10536 | D:10     | Reached skill level 5 in Fighting
 10574 | D:10     | Found Ahuuweuk's Weapon Shop.
 10615 | D:10     | Reached skill level 8 in Invocations
 10624 | D:10     | Reached ** piety under Hepliaklqana
 10625 | D:10     | Remembered your ancestor farmhand69 as a hexer
 11108 | D:10     | Found Lucer's Lightly-Used Armoury.
 11307 | D:10     | Reached skill level 5 in Dodging
 11352 | D:10     | Gained mutation: You have a pair of large antennae on your
                  | head. (SInv) [demonic ancestry]
 11352 | D:10     | Reached XP level 11. HP: 33/72 MP: 19/21
 11402 | D:10     | Reached skill level 9 in Invocations
 11842 | D:10     | Noticed a two-headed ogre
 11853 | D:10     | Killed a two-headed ogre
 11986 | D:11     | Reached skill level 5 in Earth Magic
 11991 | D:11     | Noticed a four-headed hydra
 11993 | D:11     | Found a staircase to the Lair.
 12001 | D:11     | Killed a four-headed hydra
 12165 | D:11     | Learned a level 2 spell: Ensorcelled Hibernation
 12168 | D:11     | Learned a level 2 spell: Passwall
 12173 | D:11     | Learned a level 4 spell: Hailstorm
 12177 | D:11     | Learned a level 3 spell: Stone Arrow
 12334 | D:11     | Reached skill level 10 in Invocations
 12759 | Lair:1   | Entered Level 1 of the Lair of Beasts
 12786 | Lair:1   | Noticed an eight-headed hydra
 12799 | Lair:1   | Killed an eight-headed hydra
 13010 | Lair:1   | Found a gate leading to a gauntlet.
 13018 | Gauntlet | Entered a Gauntlet
 13018 | Gauntlet | Reached *** piety under Hepliaklqana
 13018 | Gauntlet | Found a transporter.
 13018 | Gauntlet | Found a transporter.
 13019 | Gauntlet | Found a transporter.
 13022 | Gauntlet | Found a transporter.
 13023 | Gauntlet | Found a transporter.
 13023 | Gauntlet | Found a transporter.
 13023 | Gauntlet | Noticed a soul eater
 13026 | Gauntlet | Noticed a death yak
 13026 | Gauntlet | Noticed a death yak
 13027 | Gauntlet | Noticed a death yak
 13029 | Gauntlet | Noticed a death yak
 13030 | Gauntlet | Noticed a death yak
 13030 | Gauntlet | Noticed a death yak
 13037 | Gauntlet | Found a transporter.
 13044 | Gauntlet | Noticed a green death
 13048 | Gauntlet | Found a transporter.
 13078 | Gauntlet | Found a transporter.
 13151 | Gauntlet | Found a transporter.
 13155 | Gauntlet | Found a transporter.
 13165 | Gauntlet | Found a transporter.
 13356 | Gauntlet | Mangled by a redback

Illustrated notes

Levels and vault maps discovered:
D:1:      lemuel_arrival_broad_hall, layout_loops_ring, serial_bayou_pond_b
D:2:      layout_rooms
D:3:      layout_loops_ring, ashenzari_altar_1, minmay_gold_behind_fungi,
          uniq_terence, uniq_robin
D:4:      layout_loops_cross, lemuel_coloured_pillars_altar,
          nicolae_ossuary_entry_giza, tso_metal_star, uniq_purgy
D:5:      layout_basic, gup_sewer_entry_bowl, kennysheep_generic_room_4,
          uniq_eustachio
D:6:      layout_basic, lemuel_doored_altar, lemuel_crystal_altar,
          kennysheep_little_box, kennysheep_vampire_church,
          chequers_serial_rivers_small_3, minmay_manual_maat
D:7:      layout_loops_ring, fedhas_altar_1, old_standard_altar,
          minmay_temple_entry_nine_rooms
D:8:      layout_cave_pools, grunt_temple_overflow_lords_of_destruction,
          elyvilon_altar_1, old_standard_altar, minmay_manual_mess, uniq_maurice
D:9:      layout_rooms, gammafunk_temple_overflow_arena, orc_0_dummy, hex_tiny,
          kennysheep_windowed_goal, uniq_erica, uniq_pikel
D:10:     layout_stronghold, serial_shops, kennysheep_mini_moat,
          minmay_shop_damaged
D:11:     layout_cave_pools, minmay_lair_entry_grove
Lair:1:   layout_loops_ring, gauntlet_entry_generic
Gauntlet: gammafunk_gauntlet_hard_choice [nicolae_gauntlet_arena_x,
          gammafunk_gauntlet_arena_split_x, gammafunk_gauntlet_arena_open,
          gammafunk_gauntlet_arena_spirals, nicolae_gauntlet_arena_flowing_pool,
          gammafunk_gauntlet_arena_corners, gauntlet_exit_watery]

Skill      XL: |  1  2  3  4  5  6  7  8  9 10 11 |
---------------+----------------------------------+-----
Stealth        | 2 |  2.1
Fighting       | 1 2 4 5 6 |  6.3
Ice Magic      | 4 5 6 7 8 |  8.4
Maces & Flails | 1 |  1.0
Spellcasting   | 3 4 5 6 7 |  7.7
Polearms       | 2 3 4 6 7 8 |  8.3
Dodging        | 2 4 5 |  5.9
Invocations    | 6 8 10 | 10.3
Earth Magic    | 1 4 5 |  5.9

Action                   |  1- 3 |  4- 6 |  7- 9 | 10-12 || total
-------------------------+-------+-------+-------+-------++-------
Melee: Unarmed           |     4 |       |       |       ||     4
       Whip              |    81 |     5 |       |       ||    86
       Flail             |     5 |       |       |       ||     5
       Spear             |       |    74 |   294 |   221 ||   589
 Cast: Freeze            |    16 |     7 |     1 |       ||    24
       Frozen Ramparts   |     2 |     6 |    16 |    12 ||    36
       Ozocubu's Armour  |       |     3 |     5 |    13 ||    21
       Stone Arrow       |       |       |       |     1 ||     1
       Hailstorm         |       |       |       |     1 ||     1
Invok: Ancestor Identity |       |       |     1 |       ||     1
       Ancestor Life: He |       |       |       |     1 ||     1
Evoke: Wand              |       |       |     1 |       ||     1
  Use: Scroll            |     1 |       |    24 |     8 ||    33
       Potion            |       |       |     3 |     5 ||     8
 Stab: Sleeping          |     3 |     4 |     9 |     2 ||    18
       Distracted        |       |     1 |       |     1 ||     2
Armor: Robe              |    12 |       |       |       ||    12
       Leather armour    |       |    18 |    64 |    60 ||   142
       Ice dragon scales |       |       |    10 |    12 ||    22
Dodge: Dodged            |    70 |    43 |   148 |   139 ||   400

Table legend: (Time is in decaauts)
 A = Elapsed time spent in this place.
 B = Non-inter-level travel time spent in this place.
 C = Inter-level travel time spent in this place.
 D = Time resting spent in this place.
 E = Time spent auto-exploring this place.
 F = Levels seen in this place.
 G = Mean time per level.
                   A        B        C        D        E       F      G
               +--------+--------+--------+--------+--------+-----+--------+
         Total |  13284 |  13082 |    202 |   2096 |   7770 |  15 |  885.6 |
       Dungeon |  10887 |  10685 |    202 |   1061 |   7300 |  11 |  989.7 |
          Lair |    251 |    251 |      0 |      0 |    182 |   1 |  251.0 |
         Sewer |    225 |    225 |      0 |      0 |     37 |   1 |  225.0 |
       Ossuary |   1590 |   1590 |      0 |   1035 |    250 |   1 | 1590.0 |
      Gauntlet |    330 |    330 |      0 |      0 |      0 |   1 |  330.0 |
               +--------+--------+--------+--------+--------+-----+--------+

Top non-repeatable levels by time:
 Ossuary: 1590 daAuts
     D:1: 1436 daAuts
     D:3: 1403 daAuts
    D:10: 1388 daAuts
     D:4: 1028 daAuts
     D:6: 1027 daAuts
     D:7: 964 daAuts
     D:9: 915 daAuts
    D:11: 820 daAuts
     D:5: 806 daAuts
     D:8: 659 daAuts
     D:2: 435 daAuts
Gauntlet: 330 daAuts
  Lair:1: 251 daAuts
   Sewer: 225 daAuts
